 Dungeon Crawl Stone Soup version 0.22-a0-542-gce4f928 (webtiles) character file.

2246 Amnesiac the Slicer (level 9, -11/43 HPs)
             Began as a Spriggan Wanderer on June 25, 2018.
             Was an Initiate of Gozag.
             Mangled by an orc warrior
             ... wielding a +0 glaive
              (12 damage)
             ... on level 7 of the Dungeon.
             The game lasted 00:14:12 (6730 turns).

Amnesiac the Slicer (Spriggan Wanderer)             Turns: 6730, Time: 00:14:12

Health: -11/43     AC:  5    Str: 10 (12) XL:     9   Next: 15%
Magic:  0/17       EV: 18    Int: 10 (12) God:    Gozag
Gold:   638        SH:  7    Dex: 14 (16) Spells: 8/8 levels left

rFire    + . .     SeeInvis +   a - +3 dagger (drain)
rCold    . . .     Gourm    .   O - +2 buckler
rNeg     . . .     Faith    .   m - +2 robe {MR+}
rPois    .         Spirit   +   (helmet restricted)
rElec    .         Reflect  .   M - +0 cloak
rCorr    .         Harm     .   (gloves unavailable)
MR       ++...                  (boots unavailable)
Stlth    +++.......             N - amulet of guardian spirit
HPRegen  0.14/turn              e - ring of protection from fire
MPRegen  0.15/turn              K - ring of wizardry

@: gold aura, very quick
A: very small, unfitting armour, see invisible, herbivore, speed 3, slow
metabolism 2
a: Potion Petition, Call Merchant, Bribe Branch, Renounce Religion


You were on level 7 of the Dungeon.
You worshipped Gozag.
Gozag was pleased with you.
You were not hungry.

You visited 1 branch of the dungeon, and saw 8 of its levels.
You also visited: Ossuary.

You collected 704 gold pieces.
You paid 66 gold pieces to Gozag.

Inventory:

Hand Weapons
 a - a +3 dagger of draining (weapon)
 b - a +2 short sword
 l - a +0 hand crossbow
Missiles
 d - 79 bolts
 s - a throwing net (quivered)
Armour
 m - a +2 robe of magic resistance (worn)
 M - a +0 cloak (worn)
 O - a +2 buckler (worn)
Jewellery
 e - a ring of protection from fire (left hand)
 K - a ring of wizardry (right hand)
 N - an amulet of guardian spirit (around neck)
Wands
 h - a wand of polymorph (10)
 i - a wand of acid (3)
 n - a wand of enslavement (11)
 L - a wand of digging (15)
Scrolls
 c - 2 scrolls of teleportation {!r}
 p - 2 scrolls of enchant weapon {!r}
 q - 8 scrolls of remove curse {!r}
 r - 2 scrolls of immolation {!r}
 u - a scroll of random uselessness {!r, unknown}
 v - 3 scrolls of noise {!r}
 x - 4 scrolls of magic mapping {!r}
 y - 8 scrolls of identify {!r}
 E - 2 scrolls of fear {!r, unknown}
 I - a scroll of enchant armour {!r, unknown}
 J - 3 scrolls of amnesia {!r}
Potions
 g - a potion of heal wounds {!q}
 j - 5 potions of lignification {!q}
 k - 2 potions of brilliance {!q}
 o - a potion of cancellation {!q}
 w - a potion of mutation {!q, unknown}
 z - a potion of agility {!q, unknown}
 A - 2 potions of berserk rage {!q, unknown}
 B - 2 potions of ambrosia {!q, unknown}
 C - 2 potions of curing {!q}
 D - a potion of flight {!q, unknown}
 F - a potion of magic {!q, unknown}
 G - 3 potions of might {!q, unknown}
 H - a potion of haste {!q, unknown}
Comestibles
 f - 5 rations


   Skills:
 - Level 2.4 Fighting
 - Level 10.0 Short Blades
 - Level 1.0 Crossbows
 + Level 3.8 Dodging
 * Level 5.3 Stealth
 - Level 10.0 Evocations


You had 8 spell levels left.
You didn't know any spells.
Your spell library was empty.

Dungeon Overview and Level Annotations

Branches:
Dungeon (8/15)             Temple (0/1) D:6
   Lair: D:8-11

Altars:
Cheibriados
Elyvilon
Fedhas
Gozag
Hepliaklqana
Nemelex Xobeh
Okawaru
Qazlal
Yredelemnul
The Shining One


Innate Abilities, Weirdness & Mutations

You are very small and have problems with some larger weapons.
You are too small for most types of armour.
You have supernaturally acute eyesight. (SInv)
You are a herbivore.
You cover ground extremely quickly.
You need to consume almost no food.


Message History

You block the orc warrior's attack.
The hippogriff bites you but does no damage.
You block the hippogriff's attack.
The hippogriff claws you but does no damage.
Evoke which item? (* to show all) (? for menu, Esc to quit)
Okay, then.
Evoke which item? (* to show all) (? for menu, Esc to quit)
Okay, then.
Evoke which item? (* to show all) (? for menu, Esc to quit)
Okay, then.
You hit the hippogriff.
The hippogriff is severely wounded.
The wyvern skeleton completely misses you.
You hit the hippogriff. You drain the hippogriff!
The hippogriff is almost dead.
You block the orc warrior's attack. The hippogriff closely misses you.
The hippogriff pecks you but does no damage.
The hippogriff barely misses you. The wyvern skeleton barely misses you.
You hit the hippogriff.
You kill the hippogriff!
You feel your intelligence returning.
Your Stealth skill increases to level 5!
You hit the adder.
The adder is moderately wounded.
The wyvern skeleton barely misses you. The orc warrior misses you.
You barely miss the adder.
The adder is moderately wounded.
The adder closely misses you. The wyvern skeleton misses you.
You hit the adder but do no damage.
The adder is moderately wounded.
You block the adder's attack.
The wyvern skeleton completely misses you.
You hit the adder. You drain the adder!
The adder is severely wounded.
You block the orc warrior's attack. The adder completely misses you.
You closely miss the adder.
The adder is severely wounded.
The wyvern skeleton misses you.
You hit the adder.
The adder is almost dead.
The adder closely misses you. The wyvern skeleton bites you!
* * * LOW HITPOINT WARNING * * *
The orc warrior completely misses you.
You closely miss the adder.
The adder is almost dead.
The adder bites you.
* * * LOW HITPOINT WARNING * * *
You barely miss the adder.
The adder is almost dead.
The wyvern skeleton bites you!
* * * LOW HITPOINT WARNING * * *
The orc warrior closely misses you. The adder completely misses you.
You closely miss the adder.
The adder is almost dead.
You block the wyvern skeleton's attack.
You hit the adder.
The adder is almost dead.
You block the adder's attack.
You hit the adder.
You kill the adder!
You block the wyvern skeleton's attack.
The orc warrior hits you from afar with a glaive!
You die...
Your body crumbles into a pile of gold.

*********** #.........#
,,,,,,,,,,* ######.........#
,,,,,,..,,* #......H.......#
,,,,,....,#####.######.######*
,,,,,..%..#...[.# #$#
,,,,,.....#.####### #H#
,,,,.......H...)ยง.# #$#
,,,,.......o.o##$## #.#****
,,,,........So##@# ###W#,,,*
,,,,..........##Z###.W.###.*
,,,,.........o'o...........#***
****##........###.##..........*
#####........#######.....* ****
###........# ***.....* ,,,*
#..........# *,,,.!.#* ,..*
#.#>......##****+*+*#.# ,..##*
#.####.###.#*,,,,,,,,.#


You could see an orc warrior and a wyvern skeleton (inner flame).

Vanquished Creatures
  Pikel (D:4)
  A hippogriff (D:7)
  Duvessa (D:4)
  An ice beast (D:6)
  A phantom (D:7)
  3 ogres
  A centaur (D:5)
  2 bullfrogs
  Dowan (D:4)
  A scorpion (D:6)
  A howler monkey (D:7)
  A jelly (D:6)
  A crimson imp (D:6)
  2 human zombies (Ossuary)
  An orc priest (D:7)
  3 hounds (D:6)
  An iguana (D:7)
  4 orc wizards
  4 worker ants
  2 big kobold zombies (Ossuary)
  A hound skeleton (D:6)
  4 mummies
  A howler monkey skeleton (D:4)
  2 gnolls (D:4)
  9 adders
  2 shadow imps (D:6)
  An ooze (D:1)
  2 worms (D:2)
  3 dart slugs (D:3)
  5 leopard geckos
  9 orcs
  4 giant cockroaches
  10 goblins
  7 hobgoblins
  6 jackals
  7 kobolds
  2 ball pythons
  10 bats
  4 frilled lizards
  2 goblin zombies
  4 hobgoblin zombies
  2 kobold skeletons (D:4)
  2 kobold zombies (D:4)
  2 orc skeletons (D:4)
  5 orc zombies
  9 rats
148 creatures vanquished.

Vanquished Creatures (others)
  A mummy (Ossuary)
  A gnoll (D:4)
2 creatures vanquished.

Grand Total: 150 creatures vanquished

Notes
Turn   | Place    | Note
-------+----------+-------------------------------------------
     0 | D:1      | Amnesiac the Spriggan Wanderer began the quest for the Orb.
     0 | D:1      | Amnesiac set off with: a +2 short sword, a scroll of teleportation {!r}, a +0 hand crossbow, 26 bolts, a +0 robe, a ration
     0 | D:1      | Reached XP level 1. HP: 11/11 MP: 3/3
   157 | D:2      | Reached XP level 2. HP: 14/16 MP: 5/5
   283 | D:4      | Noticed Duvessa
   283 | D:4      | Noticed Dowan
   286 | D:4      | Killed Duvessa
   286 | D:4      | Reached skill level 5 in Evocations
   286 | D:4      | Reached XP level 3. HP: 5/19 MP: 6/8
   286 | D:4      | Reached XP level 4. HP: 6/23 MP: 6/9
   286 | D:4      | Killed Dowan
   286 | D:4      | Reached XP level 5. HP: 7/27 MP: 6/10
   309 | D:4      | Noticed a slave
   313 | D:4      | Noticed a slave
   313 | D:4      | Noticed a slave
   356 | D:4      | Noticed an ogre
   414 | D:3      | Found a blossoming altar of Fedhas.
   618 | D:4      | Killed an ogre
   618 | D:4      | Reached skill level 5 in Short Blades
   618 | D:4      | Reached XP level 6. HP: 17/32 MP: 12/12
   742 | D:4      | Found a glowing golden altar of the Shining One.
   792 | D:4      | Found a sand-covered staircase.
   825 | Ossuary  | Entered an ossuary
  1446 | Ossuary  | Reached XP level 7. HP: 24/35 MP: 13/13
  2494 | D:4      | Noticed Pikel
  2507 | D:4      | Killed Pikel
  2507 | D:4      | Reached XP level 8. HP: 33/39 MP: 14/14
  2701 | D:5      | Entered Level 5 of the Dungeon
  2901 | D:5      | Found a white marble altar of Elyvilon.
  3289 | D:5      | Found an opulent altar of Gozag.
  3373 | D:5      | Became a worshipper of Gozag Ym Sagoz the Greedy
  3494 | D:1      | Reached skill level 10 in Short Blades
  4333 | D:2      | Found a basalt altar of Yredelemnul.
  4497 | D:2      | Found a stormy altar of Qazlal.
  4578 | D:3      | Found an iron altar of Okawaru.
  4688 | D:3      | Found a sparkling altar of Nemelex Xobeh.
  4894 | D:3      | Found a hazy altar of Hepliaklqana.
  5574 | D:6      | Found a snail-covered altar of Cheibriados.
  5629 | D:6      | Found a staircase to the Ecumenical Temple.
  6443 | D:6      | Reached skill level 10 in Evocations
  6512 | D:7      | Reached skill level 1 in Stealth
  6643 | D:7      | Noticed a hippogriff
  6715 | D:7      | Reached XP level 9. HP: 21/43 MP: 4/17
  6719 | D:7      | Reached skill level 5 in Stealth
  6727 | D:7      | HP: 1/43 [wyvern skeleton (10)]
  6730 | D:7      | Mangled by an orc warrior

Vault maps used:
D:1:      sevenhm_arrival_forest_fort_small_6, minmay_pentomino_r4
D:2:      yredelemnul_altar_generic, nicolae_qazlal_eye_of_the_storm
D:3:      marbit_many_paths, fedhas_altar_3, nemelex_altar_shiori,
          kennysheep_okawaru_gauntlet
D:4:      gup_ossuary_entry_pyramid, first_ration, nicolae_tso_besieged_by_evil,
          uniq_pikel, uniq_duvessa
D:5:      kennysheep_mini_moat, basic_altar
D:6:      temple_green, lemuel_tele_altar
D:8:      lemuel_crystal_altar, serial_bayou_pond_e, blue_anna_alchemist,
          uniq_maurice, uniq_gastronok
Ossuary:  ossuary_crypta

Skill      XL: |  1  2  3  4  5  6  7  8  9 |
---------------+----------------------------+-----
Short Blades   | 4 5 6 9 10 | 10.0
Evocations     | 5 6 7 10 | 10.0
Dodging        | 2 3 |  3.8
Stealth        | 3 5 |  5.3
Fighting       | |  2.4
Crossbows      | |  1.0

Action                   |  1- 3 |  4- 6 |  7- 9 || total
-------------------------+-------+-------+-------++-------
Melee: Short sword       |    69 |    65 |   101 ||   235
       Dagger            |       |    60 |   455 ||   515
 Fire: Hand crossbow     |       |    10 |       ||    10
Throw: Stone             |       |       |    13 ||    13
Evoke: Wand              |     1 |     5 |     6 ||    12
  Use: Scroll            |       |     2 |     5 ||     7
       Potion            |       |     1 |     5 ||     6
 Stab: Sleeping          |     1 |     1 |     3 ||     5
       Distracted        |       |       |     2 ||     2
  Eat: Ration            |       |       |     3 ||     3
Armor: Robe              |     6 |     9 |    61 ||    76
       Skin              |       |       |     1 ||     1
Dodge: Dodged            |    41 |    62 |   263 ||   366
Block: Buckler           |       |       |    19 ||    19

Table legend:
 A = Spawn XP
 B = Non-spawn XP
 C = Spawn XP percentage of total XP
 D = Spawn monster count
 E = Non-spawn monster count
 F = Spawn count percentage of total count
 G = Total turns spent on level
                    A         B        C        D         E        F      G
               +---------+---------+-------+---------+---------+-------+---------
         Total |       0 |    3209 |   0.0 |       0 |     148 |   0.0 |  6730
               +---------+---------+-------+---------+---------+-------+---------
           D:1 |       0 |      46 |   0.0 |       0 |      25 |   0.0 |   954
           D:2 |       0 |      70 |   0.0 |       0 |      25 |   0.0 |   460
           D:3 |       0 |      88 |   0.0 |       0 |      25 |   0.0 |  1298
           D:4 |       0 |    1255 |   0.0 |       0 |      29 |   0.0 |  1054
           D:5 |       0 |     356 |   0.0 |       0 |       9 |   0.0 |   888
           D:6 |       0 |     523 |   0.0 |       0 |      14 |   0.0 |   982
           D:7 |       0 |     676 |   0.0 |       0 |      10 |   0.0 |   250
       Ossuary |       0 |     195 |   0.0 |       0 |      11 |   0.0 |   837
               +---------+---------+-------+---------+---------+-------+---------
